 Dungeon Crawl Stone Soup version 0.20.0-15-g7f486f2 (webtiles) character file.

1159 Lavandula the Frost Mage (level 8, 4/41 HPs)
             Began as a Deep Elf Ice Elementalist on June 10, 2017.
             Quit the game on level 5 of the Dungeon.
             The game lasted 00:19:38 (8338 turns).

Lavandula the Frost Mage (DEIE)                     Turns: 8338, Time: 00:19:38

Health: 4/41       AC:  3    Str:  5    XL:     8   Next: 16%
Magic:  18/18      EV: 13    Int: 23    God:
Gold:   172        SH:  4    Dex: 15    Spells: 3/17 levels left

rFire    . . .     SeeInvis +   o - +0 spear (pierce)
rCold    . . .     Gourm    .   (no shield)
rNeg     . . .     Faith    .   r - +0 leather armour (curse)
rPois    .         Spirit   .   (no helmet)
rElec    .         Reflect  +   (no cloak)
rCorr    .         Harm     .   (no gloves)
MR       .....                  (no boots)
Stlth    ++........             B - +4 amulet of reflection
Regen    0.2/turn               D - ring of see invisible
MPRegen  0.2/turn               (no ring)

@: no status effects
A: no striking features
a: no special abilities


You were on level 5 of the Dungeon.
You were very hungry.

You visited 1 branch of the dungeon, and saw 6 of its levels.

You collected 172 gold pieces.

Inventory:

Hand Weapons
 g - a +0 short sword
 o - a +0 spear of piercing (weapon)
 H - a +4 halberd
Armour
 a - a +0 robe
 r - a cursed +0 leather armour (worn)
 E - a +1 robe of cold resistance
Jewellery
 B - a +4 amulet of reflection (around neck)
 D - a ring of see invisible (left hand)
 F - an uncursed ring of wizardry {unknown}
Wands
 x - a wand of digging (16/24)
 z - a wand of disintegration (8/24)
Scrolls
 e - 2 scrolls of enchant weapon {unknown}
 f - 2 scrolls of identify {unknown}
 k - 3 scrolls of magic mapping {unknown}
 l - a scroll of noise {unknown}
 m - 2 scrolls of fog {unknown}
 p - 2 scrolls of recharging {unknown}
 u - a scroll of fear {unknown}
 v - 2 scrolls of remove curse {unknown}
 w - a scroll of random uselessness {unknown}
 y - 4 scrolls of teleportation {unknown}
 C - a scroll of amnesia {unknown}
 G - a scroll of immolation {unknown}
 I - a scroll of holy word {unknown}
Potions
 d - a potion of invisibility {unknown}
 h - a potion of agility {unknown}
 j - 4 potions of brilliance {unknown}
 n - 8 potions of curing {unknown}
 q - a potion of ambrosia {unknown}
 s - a potion of degeneration {unknown}
 t - 2 potions of heal wounds {unknown}
 A - a potion of mutation {unknown}
Books
 b - a book of Frost

   Spells                             Type                      Level
   a - Freeze                         Ice                          1
   b - Throw Frost                    Conjuration/Ice              2
   c - Ozocubu's Armour               Charms/Ice                   3
   d - Throw Icicle                   Conjuration/Ice              4
   e - Summon Ice Beast               Ice/Summoning                4
Comestibles
 c - 5 bread rations
 i - 6 fruits


   Skills:
 - Level 0.1 Fighting
 - Level 4.0 Dodging
 - Level 2.4 Stealth
 - Level 5.4 Spellcasting
 - Level 2.2 Conjurations
 - Level 4.1 Summonings
 + Level 8.7 Ice Magic


You had 3 spell levels left.
You knew the following spells:

 Your Spells              Type           Power        Failure   Level  Hunger
a - Freeze                Ice            ####         1%          1    None
b - Throw Frost           Conj/Ice       ####..       2%          2    None
c - Ozocubu's Armour      Chrm/Ice       ####....     8%          3    ##.....
d - Summon Ice Beast      Ice/Summ       #####...     11%         4    ####...
e - Throw Icicle          Conj/Ice       ####....     16%         4    ####...


Dungeon Overview and Level Annotations

Branches:
Dungeon (6/15)
 Temple: D:4-7

Altars:

Annotations:
D:5 Dowan
D:6 Grinder


Message History

The orc wizard points at you and mumbles some strange words.
The magic dart hits you!
The quokka bites you but does no damage.
Grinder blinks!
The quokka bites you. The orc wizard barely misses you. The quokka bites you.
You can move again.
There is a stone staircase leading up, spattered with blood here.
The quokka twitches its whiskers.
The quokka misses you.
Grinder says, "Just stop there for a second..."
The orc wizard misses you.
The orc priest mumbles some strange prayers to Beogh against you.
Beogh smites you!
* * * LOW HITPOINT WARNING * * *
You climb upwards.
Level annotation: Dowan
There is a stone staircase leading down here.
Okay, then.
Okay, then.
Are you sure you want to abandon this character and quit the game? (Confirm with "yes".)

# # ###### # #....#
#####....###############
....'....'.....o@r.....#
..###....#######o#####.#
#.#.'.....# #...#..)..#
..#.#.....# #.#.#.#####
.##.#.....####.#.).#
....#.......##.#.###
#####....##.##.#.#
#....##.##.#.# ##
#.[..##.##.#.#


You could see an orc priest, an orc wizard and a quokka.

Vanquished Creatures
  An ice beast (D:5)
  A necrophage (D:5)
  2 bullfrogs (D:6)
  A crimson imp (D:6)
  A hound (D:5)
  4 orc priests
  A jelly (D:6)
  A bullfrog skeleton (D:4)
  An iguana (D:4)
  5 orc wizards
  2 worker ants
  7 gnolls
  3 adders
  A shadow imp (D:5)
  An ooze (D:1)
  An adder skeleton (D:6)
  An adder zombie (D:5)
  4 worms
  A dart slug (D:2)
  4 leopard geckos
  19 orcs
  A ball python (D:2)
  7 giant cockroaches
  11 hobgoblins
  6 jackals
  7 bats
  2 frilled lizards (D:1)
  11 goblins
  10 kobolds
  10 rats
127 creatures vanquished.

Vanquished Creatures (collateral kills)
  3 ice beasts
  A gnoll sergeant (D:6)
  An adder (D:6)
  A leopard gecko (D:6)
6 creatures vanquished.

Grand Total: 133 creatures vanquished

Notes
Turn   | Place    | Note
-------+----------+-------------------------------------------
     0 | D:1      | Lavandula the Deep Elf Ice Elementalist began the quest for the Orb.
     0 | D:1      | Reached XP level 1. HP: 10/10 MP: 6/6
   486 | D:1      | Reached XP level 2. HP: 15/15 MP: 6/8
   487 | D:1      | Reached skill level 4 in Ice Magic
   516 | D:1      | Learned a level 2 spell: Throw Frost
  1177 | D:1      | Reached XP level 3. HP: 19/19 MP: 6/9
  1182 | D:1      | Learned a level 3 spell: Ozocubu's Armour
  1492 | D:2      | Reached skill level 5 in Ice Magic
  1974 | D:2      | Reached XP level 4. HP: 24/24 MP: 1/11
  2084 | D:2      | Learned a level 4 spell: Summon Ice Beast
  3342 | D:3      | Reached skill level 5 in Spellcasting
  3348 | D:3      | Reached XP level 5. HP: 27/28 MP: 4/14
  3514 | D:3      | Learned a level 4 spell: Throw Icicle
  4599 | D:4      | Reached XP level 6. HP: 32/32 MP: 6/16
  5060 | D:5      | Entered Level 5 of the Dungeon
  5123 | D:4      | Reached skill level 1 in Summonings
  5521 | D:5      | Noticed an ice beast
  5558 | D:5      | Killed an ice beast
  5864 | D:5      | Noticed Dowan
  5959 | D:5      | Reached XP level 7. HP: 21/36 MP: 0/17
  6716 | D:6      | Reached skill level 6 in Ice Magic
  6935 | D:6      | Reached skill level 7 in Ice Magic
  7384 | D:6      | Reached skill level 8 in Ice Magic
  7384 | D:6      | Reached XP level 8. HP: 11/41 MP: 0/18
  8329 | D:6      | Noticed Grinder
  8329 | D:6      | Paralysed by Grinder for 7 turns
  8338 | D:5      | Quit the game

Skill      XL: |  1  2  3  4  5  6  7 |
---------------+----------------------+-----
Ice Magic      | 4 5 8 |  8.7
Spellcasting   | 5 |  5.4
Dodging        | 4 |  4.0
Conjurations   | 2 |  2.2
Summonings     | 4 |  4.1
Fighting       | |  0.1
Stealth        | |  2.4

Action                   |  1- 3 |  4- 6 |  7- 9 || total
-------------------------+-------+-------+-------++-------
Melee: Spear             |       |    15 |    27 ||    42
 Cast: Freeze            |    24 |    28 |    25 ||    77
       Throw Frost       |    42 |    99 |    51 ||   192
       Throw Icicle      |       |     9 |     2 ||    11
       Summon Ice Beast  |       |     2 |    15 ||    17
Evoke: Wand              |       |       |     1 ||     1
 Stab: Distracted        |       |       |     1 ||     1
  Eat: Chunk             |     3 |     6 |     8 ||    17
       Royal jelly       |     1 |     1 |     1 ||     3
       Bread ration      |       |     1 |       ||     1
       Fruit             |       |       |     1 ||     1
Armor: Robe              |     1 |       |       ||     1
       Leather armour    |       |     6 |     6 ||    12
Dodge: Dodged            |    10 |    25 |    17 ||    52
Block: Other             |       |       |     1 ||     1
